 Dungeon Crawl Stone Soup version 0.20-a0-754-g13ddd6e (webtiles) character file.

72 krabocopter the Slasher (level 4, -1/38 HPs)
             Began as a Draconian Warper on Feb 26, 2017.
             Slain by Natasha (7 damage)
             ... on level 3 of the Dungeon.
             The game lasted 00:04:41 (1772 turns).

krabocopter the Slasher (Draconian Warper)          Turns: 1772, Time: 00:04:41

Health: -1/38      AC:  5    Str: 14    XL:     4   Next: 6%
Magic:  0/7        EV: 12    Int: 13    God:
Gold:   44         SH:  0    Dex: 11    Spells: 7/7 levels left

rFire    . . .     SeeInvis .   a - +0 falchion
rCold    . . .     Gourm    .   (armour unavailable)
rNeg     . . .     Faith    .   (no shield)
rPois    .         Spirit   +   (helmet restricted)
rElec    .         Reflect  .   (no cloak)
rCorr    .         Harm     .   (no gloves)
MR       .....                  (no boots)
Stlth    +.........             j - amulet of guardian spirit
Regen    0.2/turn               (no ring)
MPRegen  0.1/turn               (no ring)

@: no status effects
A: unfitting armour, cold-blooded, AC +5
a: no special abilities


You were on level 3 of the Dungeon.
You were not hungry.

You visited 1 branch of the dungeon, and saw 3 of its levels.

You collected 44 gold pieces.

Inventory:

Hand Weapons
 a - a +0 falchion (weapon)
 s - a +1 mace of holy wrath
Missiles
 d - 5 tomahawks of dispersal (quivered)
 k - 4 tomahawks
 m - 6 tomahawks of returning
Jewellery
 j - an amulet of guardian spirit (around neck)
Scrolls
 c - a scroll of blinking
 e - a scroll of teleportation {unknown}
 g - a scroll of immolation {unknown}
 i - a scroll of amnesia {unknown}
 o - a scroll of remove curse {unknown}
 p - a scroll of fear {unknown}
 q - a scroll of identify {unknown}
 r - a scroll of noise {unknown}
Potions
 l - a potion of might {unknown}
 n - a potion of curing {unknown}
 u - a potion of agility {unknown}
Books
 b - a book of Spatial Translocations

   Spells                             Type                      Level
   a - Blink                          Translocation                2
   b - Shroud of Golubria             Charms/Translocation         2
   c - Lesser Beckoning               Translocation                3
   d - Gell's Gravitas                Translocation                3
   e - Teleport Other                 Translocation                3
   f - Passage of Golubria            Translocation                4
Comestibles
 f - 2 bread rations
 h - a royal jelly
 t - 4 chunks of flesh


   Skills:
 + Level 3.2 Fighting
 * Level 3.7 Long Blades
 - Level 0.8 Throwing
 - Level 2.1 Dodging
 - Level 2.0 Spellcasting
   Level 3.0 Translocations


You had 7 spell levels left.
You didn't know any spells.

Dungeon Overview and Level Annotations

Branches:
Dungeon (3/15)

Altars:

Annotations:
D:3 Natasha


Innate Abilities, Weirdness & Mutations

Your plain brown scales are hard. (AC +5)
You cannot fit into any form of body armour.
You are cold-blooded and may be slowed by cold attacks.


Message History

You take 3 damage, and have 19/38 hp.
You hit Natasha. Natasha claws you but does no damage.
The shadow imp misses you.
You riposte.
You hit the shadow imp but do no damage.
Natasha completely misses you.
You riposte.
You hit Natasha. You tail-slap Natasha. The shadow imp closely misses you.
You closely miss Natasha.
You feel yourself speed up. Natasha claws you!
The shadow imp hits you but does no damage.
Natasha claws you.
* * * LOW HITPOINT WARNING * * *
You take 9 damage, and have 11/38 hp.
MASSIVE DAMAGE!!
You now have 3/7 mp.
You hit Natasha. The shadow imp closely misses you. Natasha claws you.
* * * LOW HITPOINT WARNING * * *
You take 5 damage, and have 6/38 hp.
You now have 2/7 mp.
You barely miss Natasha.
You tail-slap Natasha, but do no damage.
The shadow imp barely misses you. Natasha claws you!
You die...

### #.## #..# ##..#### #
.>....... ####..##....
#####........###.
######.....#...##.....
###......###....@5...#
....#######....##h##....
.#### ..>..### ..# .P
....# .#.### #.# ###.#
...## .! #.######..# #..
###......... ...
...#####..# ##.#
##..###...


You could see Natasha and a shadow imp.

Vanquished Creatures
  3 adders
  An ooze (D:2)
  2 worms (D:2)
  A dart slug (D:1)
  An orc (D:3)
  3 bats
  2 giant cockroaches
  2 hobgoblins (D:2)
  A jackal (D:1)
  3 kobolds (D:2)
  A quokka (D:2)
  A ball python (D:1)
  A frilled lizard (D:2)
  5 goblins
  5 rats
32 creatures vanquished.

Notes
Turn   | Place    | Note
-------+----------+-------------------------------------------
     0 | D:1      | krabocopter the Draconian Warper began the quest for the Orb.
     0 | D:1      | Reached XP level 1. HP: 17/17 MP: 3/3
   328 | D:1      | Reached XP level 2. HP: 22/25 MP: 3/5
   936 | D:2      | Reached XP level 3. HP: 21/30 MP: 3/6
  1690 | D:3      | Reached XP level 4. HP: 38/38 MP: 7/7
  1758 | D:3      | Noticed Natasha
  1772 | D:3      | Slain by Natasha

Vault maps used:
D:1:      dpeg_arrival_more_subterranean_lakeside_camping
D:2:      serial_glass, glass_columns_b, glass_columns_b, glass_columns_a,
          glass_columns_b, glass_columns_b, glass_columns_a, moated_statue,
          grunt_ministairs_3, serial_park_tiny_1, minmay_tetromino_i2
D:3:      good_gods_mini_temple, fedhas_altar_1, first_bread, uniq_natasha,
          uniq_terence

Skill      XL: |  1  2  3 |
---------------+----------+-----
Long Blades    | 3 |  3.7
Fighting       | 3 |  3.2
Throwing       | |  0.8
Dodging        | |  2.1
Spellcasting   | |  2.0
Translocations | |  3.0

Action                   |  1- 3 |  4- 6 || total
-------------------------+-------+-------++-------
Melee: Falchion          |   122 |    18 ||   140
       Tailslap          |    22 |     3 ||    25
  Use: Potion            |     2 |       ||     2
  Eat: Chunk             |     3 |       ||     3
Armor: Skin              |    43 |     6 ||    49
Dodge: Dodged            |    74 |    13 ||    87
       Rpst.: Falchion   |    28 |     4 ||    32
